Unix NetHack Version 5.0.0-0 post-release - last build Jun 10 2026 00:39:30 (3ee93aec679c4c4259841fe613dc97188e26a321,branch:main).

Game began 2026-06-21 10:19:49, ended 2026-06-21 11:21:27.

LDaviesPeters, neutral female human Archeologist

    ---
   --.---                                                              ----
   |....---                  -----                                    --..--
   --.....--                 |...---                                  |+...|
    |......|            ---  |>....--  -------   ----                 |-...|
    ---....---        ---.----......| --.....-----..|                 |...--
      --.^...|    ----|....|)......- --....|..--....--              ---...---
       |.....|   --..---..<........| |.@.:.#-...*....--             |.......|
       ---...|   |.......`......)..| |q-##--#-#.^.....|             |.......|
         ---.|   |....---..........-#-.#      |.......#             ---....--
           |.|   --...| -..............|      |......--               |....--
           |.------.---|.....----.....--      --.....--  #            --....--
           |.*(.|...|  ---.---  --)...|        --.....----#----       --...^.|
           ----.|.---    ---  -----...|         -.............|     ---...--.|
            --...)----       --..|....--      --.-......----#.|     |..*..| --
          ---).*.....|       |.........|      |..........| |..---- --.....|
          |.....[....----    |.........|      |....---..`| |...|.---....---
          |..........[|.|    --......---      --.--- --..| --...........|
          --............|     ----...|         --     --#-  --.......|..|
           ---.|.|.|.|.--        -----                       ---.|.------
             -----------                                       -----
LDaviesPeters the Investigator  St:12 Dx:11 Co:16 In:18 Wi:16 Ch:11  Neutral
Dlvl:5  $:0  HP:0(53) Pw:28(28) AC:6  Xp:6 T:4479  Satiated

Latest messages:
 You add the "confuse monster" spell to your repertoire, as 'd'.
 What do you want to drop? [abd-moprsv-xzACFK-MPSZ or ?*] F
 You drop a spellbook of confuse monster.
 Your movements are now unencumbered.
 You see here 2 worthless pieces of violet glass.
 You lash the rothe.
 The rothe hits!
 The rothe bites!
 The rothe bites again!
 You lash the rothe.
 The rothe hits!
 The rothe bites!
 The rothe bites again!
 You lash the rothe.
 You kill the rothe!
 You lash the rothe.
 The rothe hits!
 The rothe bites!
 The rothe bites again!
 You feel more confident in your weapon skills.
 You lash the rothe.
 You lash the rothe.
 The rothe hits!
 The rothe bites!
 The rothe misses!
 You miss the rothe.
 The rothe hits!
 The rothe bites!
 The rothe bites again!
 You lash the rothe.
 The rothe hits!
 The rothe misses!
 The rothe bites!
 You kill the rothe!
 What do you want to zap? [mwK or ?*] ?
 What do you want to zap? [mwK or ?*] <space>
 Never mind.
 You lash the rothe.
 The rothe hits!
 The rothe bites!
 The rothe bites again!
 You lash the rothe.
 You kill the rothe!
 You lash the rothe.
 You lash the rothe.
 The rothe hits!
 The rothe bites!
 The rothe bites again!
 You die...
 Do you want your possessions identified? [ynq] (y) q

Inventory:
 Weapons  (')')
  e - 14 +0 darts
  r - 9 +1 shuriken
  k - a blessed +2 dagger
  v - a rustproof +0 dagger
  Z - a +0 elven dagger
  L - a +0 orcish dagger
  a - a +2 bullwhip (weapon in right hand)
 Armor    ('[')
  M - an uncursed +0 orcish helm (being worn)
  j - an uncursed +0 pair of iron shoes (being worn)
  h - an uncursed +0 leather jacket (being worn)
 Comestibles  ('%')
  d - 8 uncursed food rations
  i - 2 uncursed tripe rations
 Scrolls  ('?')
  P - a cursed scroll of teleportation
 Rings    ('=')
  C - an uncursed ring of free action
  S - an uncursed ring of slow digestion (on left hand)
 Wands    ('/')
  K - a wand of cancellation (0:6)
  w - a wand of digging (0:6)
  m - a wand of digging (0:4)
 Tools    ('(')
  b - an uncursed sack containing 7 items
  l - an uncursed brass lantern
  s - an uncursed magic lamp
  p - a +0 pick-axe
  A - an uncursed stethoscope
  f - a tinning kit (0:77)
 Gems/Stones  ('*')
  x - 2 uncursed aquamarine stones
  z - an uncursed jet stone
  o - an uncursed opal
  g - an uncursed touchstone

Contents of the sack:
  177 gold pieces
  a blessed scroll of enchant armor
  an uncursed scroll of enchant weapon
  an uncursed scroll of identify
  an uncursed scroll of remove curse
  an uncursed potion of gain ability
  an uncursed potion of see invisible

LDaviesPeters the Archeologist's attributes:

Background:
 You were an Investigator, a level 6 female human Archeologist.
 You were neutral, on a mission for Camaxtli
 who was opposed by Quetzalcoatl (lawful) and Huhetotl (chaotic).
 You were right-handed.
 You were in the Gnomish Mines, on level 5.
 You entered the dungeon 4479 turns ago.
 You had 516 experience points, 124 more were needed to attain level 7.

Basics:
 You had 0 out of 53 hit points.
 You had all 28 energy points (spell power).
 Your armor class was 6.
 Your wallet was empty, but
 you had 177 zorkmids stashed away in your pack.
 Autopickup was off.

Final Characteristics:
 Your strength was 12 (limit:18/100).
 Your dexterity was 11 (limit:18).
 Your constitution was 16 (limit:18).
 Your intelligence was 18 (limit:18).
 Your wisdom was 16 (limit:18).
 Your charisma was 11 (limit:18).

Final Status:
 You were satiated.
 You were unencumbered.
 You were wielding a whip.
 You were skilled in whip and could have enhanced that.

Final Attributes:
 You were piously aligned.
 You had automatic searching.
 You were stealthy.
 You had slower digestion.
 You are dead.

Miscellaneous:
 You didn't encounter any bones levels.
 Total elapsed playing time was 1 hour, 1 minute and 37 seconds.

Major events:
 Turn
    1: LDaviesPeters the neutral female human Archeologist entered the dungeon
 1365: attained the rank of Field Worker (level 3)
 1747: entered the Gnomish Mines
 3644: attained the rank of Investigator (level 6)
 4479: killed by a rothe

Spells:
 Name                 Level Category     Fail Retention
 slow monster           2   enchantment   84%  76%-100%
 detect food            2   divination    84%  76%-100%
 healing                1   healing       40%  76%-100%
 confuse monster        1   enchantment   40%  76%-100%

Skills:
 Fighting Skills
   bare handed combat [Unskilled]
   two weapon combat  [Unskilled]
   riding             [Unskilled]
 Weapon Skills
   dagger             [Unskilled]
   knife              [Unskilled]
   pick-axe           [Basic]
   short sword        [Unskilled]
   saber              [Unskilled]
   club               [Unskilled]
   quarterstaff       [Unskilled]
   sling              [Unskilled]
   dart               [Unskilled]
   boomerang          [Unskilled]
   whip               [Skilled]
   unicorn horn       [Unskilled]
 Spellcasting Skills
   attack spells      [Unskilled]
   healing spells     [Unskilled]
   divination spells  [Unskilled]
   matter spells      [Unskilled]

Voluntary challenges:
 Character rerolling was not enabled.
 You never genocided any monsters.
 You never polymorphed an object.
 You never changed form.
 You used no wishes.
Achievements:
 You entered a shop.
 You attained the rank of Field Worker.
 You entered the Gnomish Mines.
 You attained the rank of Investigator.

 The Dungeons of Doom: levels 1 to 5
    Level 1:
       A sink.
    Level 2:
       A general store, an altar, a fountain, a sink.
    Level 3:
       Many fountains.
       Stairs down to The Gnomish Mines.
    Level 4:
       A fountain.
    Level 5:
       A fountain.
 The Gnomish Mines: levels 4 to 5
    Level 4:
    Level 5: <- You were here.
       Final resting place for
          you, killed by a rothe.


Vanquished creatures:
  a leprechaun
  a snake
 an imp
  a fog cloud
  a shrieker
  3 gnome leaders
  a gnomish wizard
  a gray ooze
 an elf zombie
  4 giant ants
  4 dwarves
  a kobold leader
  4 rothes
  2 centipedes
  a giant bat
  2 iguanas
  5 coyotes
  3 hobbits
  4 giant rats
  a green mold
 20 gnomes
  4 garter snakes
  5 geckos
  8 jackals
  2 foxes
  a kobold
  a goblin
  3 sewer rats
  9 grid bugs
  4 lichens
  a kobold zombie
 10 newts
110 creatures vanquished.

No species were genocided or became extinct.

Game over:
                       ----------
                      /          \
                     /    REST    \
                    /      IN      \
                   /     PEACE      \
                  /                  \
                  |  LDaviesPeters   |
                  |      177 Au      |
                  |   killed by a    |
                  |      rothe       |
                  |                  |
                  |                  |
                  |       2026       |
                 *|     *  *  *      | *
        _________)/\\_//(\/(/\)/\//\/|_)_______

Goodbye LDaviesPeters the Archeologist...

You died in The Gnomish Mines on dungeon level 5 with 2444 points,
and 177 pieces of gold, after 4479 moves.
You were level 6 with a maximum of 53 hit points when you died.

